 Dungeon Crawl Stone Soup version 0.30-a0-42-g806c11bf1d (webtiles) character file.

Game seed: 9364910595505622174

92 SensoryNuts the Trooper (level 4, -8/35 HPs)
             Began as a Demonspawn Fighter on Aug 30, 2022.
             Mangled by an ogre
             ... wielding a +0 giant club
              (9 damage)
             ... on level 4 of the Dungeon.
             The game lasted 00:02:19 (2807 turns).

SensoryNuts the Trooper (Demonspawn Fighter)        Turns: 2807, Time: 00:02:19

Health: -8/35      AC: 15    Str: 15 (18) XL:     4   Next: 35%
Magic:  4/4        EV:  8    Int:  8 (9)  God:
Gold:   192        SH:  4    Dex: 11 (13) Spells: 3/3 levels left

rFire   . . .      SeeInvis .    a - +1 war axe
rCold   . . .      Faith    .    c - +0 buckler
rNeg    . . .      Spirit   .    b - +0 scale mail
rPois   .          Reflect  .    (no helmet)
rElec   .          Harm     .    m - +2 cloak
rCorr   .          Rampage  .    (no gloves)
Will    .....                    g - +0 pair of boots
Stlth   ..........               (no amulet)
HPRegen 0.11/turn                h - +4 ring of protection
MPRegen 0.09/turn                (no ring)

@: no status effects
A: demonic touch 2
a: no special abilities


You were on level 4 of the Dungeon.
You visited 1 branch of the dungeon, and saw 4 of its levels.

You collected 192 gold pieces.

Inventory:

Hand Weapons
 a - a +1 war axe (weapon)
Armour
 b - a +0 scale mail (worn)
 c - a +0 buckler (worn)
 g - a +0 pair of boots (worn)
 m - a +2 cloak (worn)
Jewellery
 h - a +4 ring of protection (left hand)
Scrolls
 e - 2 scrolls of teleportation
 i - a scroll of identify {unknown}
 p - a scroll of silence
Potions
 d - a potion of might
 j - a potion of resistance {unknown}
 k - a potion of flight {unknown}
 l - 2 potions of mutation {unknown}
 n - a potion of lignification {unknown}
 o - a potion of invisibility {unknown}


   Skills:
 + Level 3.4 Fighting
 * Level 3.2 Axes
 + Level 3.2 Armour
 + Level 0.4 Stealth
 + Level 2.9 Shields


You had 3 spell levels left.
You didn't know any spells.
Your spell library contained the following spells:

 Spells                   Type           Power      Damage    Failure   Level
 Scorch                   Fire           0%         2d5       97%         2
 Call Canine Familiar     Summ           0%         N/A       100%        3
 Portal Projectile        Hex/Tloc       0%         N/A       100%        3
 Flame Wave               Conj/Fire      0%         2d4       100%        4
 Leda's Liquefaction      Hex/Erth       0%         N/A       100%        4
 Summon Cactus Giant      Summ           0%         N/A       100%        6


Dungeon Overview and Level Annotations

Branches:
Dungeon (4/15)             Temple (0/1) D:4

Altars:
Sif Muna

Shops:
D:1 ?[?[


Innate Abilities, Weirdness & Mutations

Your touch may inflict irresistible damage on your foes.


Message History

There is a stone staircase leading down here.
Done exploring.
Done exploring.
No target in view!
Done exploring.
There is a stone staircase leading down here.
Okay, then.
There is a stone staircase leading down here.
You climb downwards.
Found a scroll of silence.
There is a stone staircase leading up here.
p - a scroll of silence
There is a stone staircase leading up here.
An ogre comes into view. It is wielding a +0 giant club.
Found an emerald ring.
Found a staircase to the Ecumenical Temple.
The ogre hits you with a +0 giant club!
You slash the ogre!
The ogre is moderately wounded.
You hit the ogre.
The ogre is moderately wounded.
The ogre hits you with a +0 giant club!
You slash the ogre!
The ogre is severely wounded.
The ogre hits you with a +0 giant club!!
Ouch! That really hurt!
* * * LOW HITPOINT WARNING * * *
You are too injured to fight recklessly!
You are too injured to fight recklessly!
You are too injured to fight recklessly!
You are too injured to fight recklessly!
Okay, then.
Okay, then.
Okay, then.
Okay, then.
It was a potion of degeneration.
There was something very wrong with that liquid.
You feel weakened.
You feel dopey.
You feel clumsy. The ogre hits you with a +0 giant club!
You die...

... .>. #.# ⌠.⌠ #.#
### #.# #.# #.# #.#
#<# ######.# ####.
##.###...##.#...=..
#..................
#......@O.###......
#.........# .....
#.........# ####
...##.######
...##..# #.#......
#.###..### ..


You could see an ogre.

Vanquished Creatures
  3 adders (D:3)
  3 worms
  A dart slug (D:1)
  6 ball pythons
  4 bats
  3 endoplasms
  4 giant cockroaches
  3 hobgoblins (D:1)
  8 jackals
  6 quokkas
  3 frilled lizards
  2 kobolds (D:1)
  4 rats
50 creatures vanquished.

Notes
Turn   | Place    | Note
-------+----------+-------------------------------------------
     0 | D:1      | SensoryNuts the Demonspawn Fighter began the quest for the
                  | Orb.
     0 | D:1      | Reached XP level 1. HP: 18/18 MP: 1/1
    91 | D:1      | Found Uhasapp's Antique Armour Shop.
   122 | D:1      | Gained mutation: Your touch may inflict minor irresistible
                  | damage on your foes. [demonic ancestry]
   122 | D:1      | Reached XP level 2. HP: 24/24 MP: 2/2
   137 | D:1      | Found Moaliyc's Magic Scroll Shop.
   288 | D:1      | Found a faded altar of an unknown god.
   715 | D:1      | Found Ymemuuqe's Magic Scroll Shoppe.
   881 | D:1      | Found Xuan Nue's Antique Armour Shoppe.
   893 | D:1      | Reached XP level 3. HP: 16/29 MP: 3/3
  1225 | D:2      | Found a shimmering blue altar of Sif Muna.
  2410 | D:3      | Gained mutation: Your touch may inflict irresistible damage
                  | on your foes. [demonic ancestry]
  2410 | D:3      | Reached XP level 4. HP: 35/35 MP: 4/4
  2796 | D:4      | Noticed an ogre
  2798 | D:4      | Found a staircase to the Ecumenical Temple.
  2802 | D:4      | HP: 1/35 [ogre/+0 giant club (21)]
  2807 | D:4      | Mangled by an ogre

Illustrated notes

Levels and vault maps discovered:
D:1:      saegor_arrival_miasma, layout_basic, serial_shops,
          nicolae_shop_advertising_works [nicolae_subvault_shop_adworks],
          nicolae_shop_statue_plus, nicolae_diamond_shop,
          nicolae_shop_behind_doors, ebering_ecumenical_altar_rust
D:2:      layout_loops_corners, basic_altar
D:3:      layout_basic
D:4:      layout_rooms, temple_doors_e

Skill      XL: |  1  2  3 |
---------------+----------+-----
Axes           | 2 3 |  3.2
Armour         | 3 |  3.2
Fighting       | |  3.4
Stealth        | |  0.4
Shields        | |  2.9

Action                   |  1- 3 |  4- 6 || total
-------------------------+-------+-------++-------
Melee: War axe           |   103 |    17 ||   120
  Use: Scroll            |     5 |       ||     5
       Potion            |       |     1 ||     1
Armor: Scale mail        |    57 |     5 ||    62
Dodge: Dodged            |    48 |    10 ||    58
Block: Buckler           |    23 |     2 ||    25

Table legend: (Time is in decaauts)
 A = Elapsed time spent in this place.
 B = Non-inter-level travel time spent in this place.
 C = Inter-level travel time spent in this place.
 D = Time resting spent in this place.
 E = Time spent auto-exploring this place.
 F = Levels seen in this place.
 G = Mean time per level.
                   A        B        C        D        E       F      G
               +--------+--------+--------+--------+--------+-----+--------+
         Total |   2854 |   2798 |     56 |    131 |   2273 |   4 |  713.5 |
       Dungeon |   2854 |   2798 |     56 |    131 |   2273 |   4 |  713.5 |
               +--------+--------+--------+--------+--------+-----+--------+

Top non-repeatable levels by time:
     D:1: 1225 daAuts
     D:2: 992 daAuts
     D:3: 614 daAuts
     D:4: 22 daAuts
